 Dungeon Crawl Stone Soup version 0.19-a0-1079-g88a7474 (webtiles) character file.

11146 mistymad the Blocker (level 12, -2/96 HPs)
             Began as a Formicid Fighter on Aug 7, 2016.
             Was an Initiate of Ru.
             Slain by an eight-headed hydra (14 damage)
             ... on level 1 of the Lair of Beasts.
             The game lasted 00:27:04 (10507 turns).

mistymad the Blocker (Formicid Fighter)            Turns: 10507, Time: 00:27:05

Health: -2/96      AC: 19    Str: 23    XL:     12   Next: 4%
Magic:  0/12       EV: 15    Int:  8    God:    Ru [......]
Gold:   289        SH: 12    Dex: 12    Spells: 0 memorised, 11 levels left

rFire  + + .     SeeInvis +     w - +3 quarterstaff (chaos)
rCold  . . .     Gourm    .     Q - +5 ring mail of the Ten Realms {rPois rF+ Str-3 Dex+2}
rNeg   + . .     Faith    .     c - +0 shield
rPois  +         Spirit   +     (helmet unavailable)
rElec  .         Dismiss  .     v - +2 cloak
rCorr  .         Reflect  .     y - +2 pair of gloves
SustAt .         Harm     .     (no boots)
MR     +....                    E - amulet of guardian spirit
Stlth  ..........               K - ring of protection from fire
                                O - ring of positive energy

@:
A: permanent stasis, dig shafts and tunnels, four strong arms, antennae 3, no
stealth
a: Dig, Shaft Self, Renounce Religion


You were on level 1 of the Lair of Beasts.
You worshipped Ru.
Ru was noncommittal.
You were not hungry.

You visited 3 branches of the dungeon, and saw 13 of its levels.
You also visited: Ice Cave.

You collected 496 gold pieces.
You spent 207 gold pieces at shops.

Inventory:

Hand Weapons
 a - a +0 quarterstaff
 w - a +3 quarterstaff of chaos (weapon)
Armour
 c - a +0 shield (worn)
 v - a +2 cloak (worn)
 y - a +2 pair of gloves (worn)
 D - a +0 plate armour
 Q - the +5 ring mail of the Ten Realms (worn) {rPois rF+ Str-3 Dex+2}
   (You bought it in a shop on level 11 of the Dungeon)

   It affects your strength (-3).
   It affects your dexterity (+2).
   It protects you from fire.
   It protects you from poison.
Jewellery
 E - an amulet of guardian spirit (around neck)
 K - a ring of protection from fire (right hand)
 O - a ring of positive energy (left hand)
Wands
 x - a wand of iceblast (4/15)
 I - a wand of lightning (6/15)
 N - a wand of iceblast (6/15)
 P - a wand of flame (16/48)
Scrolls
 b - 6 scrolls of identify
 e - a scroll of random uselessness {unknown}
 h - 2 scrolls of magic mapping
 i - 2 scrolls of immolation
 k - a scroll of amnesia {unknown}
 l - a scroll of fog {unknown}
 n - 5 scrolls of remove curse
 B - 2 scrolls of fear {unknown}
 C - a scroll of vulnerability {unknown}
 J - a scroll of summoning {unknown}
 L - a scroll of enchant armour {unknown}
 M - a scroll of torment {unknown}
Potions
 d - 2 potions of might
 g - a potion of resistance {unknown}
 m - 6 potions of curing
 o - 2 potions of lignification {unknown}
 r - 2 potions of heal wounds
 s - 4 potions of flight {unknown}
 t - 2 potions of brilliance {unknown}
 z - a potion of mutation {unknown}
 A - a potion of agility {unknown}
Comestibles
 f - 13 bread rations
 j - 5 meat rations
 p - a royal jelly
 q - 5 fruits
 u - 4 beef jerkies
 F - 8 slices of pizza


   Skills:
 + Level 9.5 Fighting
 + Level 8.7 Staves
 + Level 9.6 Armour
 + Level 7.4 Dodging
 + Level 10.3 Shields


You had 11 spell levels left.
You didn't know any spells.

Dungeon Overview and Level Annotations

Branches:
Dungeon (11/15)            Temple (1/1) D:7            Lair (1/6) D:8
    Orc: D:9-12

Altars:
Ashenzari
Cheibriados
Dithmenos
Elyvilon
Fedhas
Gozag
Hepliaklqana
Kikubaaqudgha
Makhleb
Nemelex Xobeh
Okawaru
Pakellas
Qazlal
Ru
Sif Muna
Trog
Uskayaw
Vehumet
Xom
Yredelemnul
Zin
The Shining One
Beogh

Shops:
D:8 }   D:11 [


Innate Abilities, Weirdness & Mutations

You are under a permanent stasis effect.
You can dig through walls and to a lower floor.
Your four strong arms can wield two-handed weapons with a shield.
You have a pair of large antennae on your head. (SInv)
You cannot be stealthy.


Message History

The eight-headed hydra bites you!!
* * * LOW HITPOINT WARNING * * *
You take 12 damage, and have 9/96 hp.
You now have 1/12 mp.
You feel much better.
The eight-headed hydra bites you but does no damage.
The eight-headed hydra bites you!
* * * LOW HITPOINT WARNING * * *
The eight-headed hydra bites you but does no damage.
The eight-headed hydra closely misses you.
You block the eight-headed hydra's attack. x2
The eight-headed hydra bites you.
* * * LOW HITPOINT WARNING * * *
You block the eight-headed hydra's attack.
The eight-headed hydra bites you!
* * * LOW HITPOINT WARNING * * *
The eight-headed hydra barely misses you.
The eight-headed hydra bites you.
* * * LOW HITPOINT WARNING * * *
The eight-headed hydra bites you!
You die...

### ##@# #D#####
.#############.##.####
..........D..........#
###..................#
.....................#
...#...#####.#.#.....#
.......#........#....#
#+#....#.............##


You could see an eight-headed hydra (berserk).

Vanquished Creatures
  2 hill giants
  Pikel (D:7)
  A black mamba (Lair:1)
  The ghost of braks the Skirmisher, an amateur DsFi (D:4)
  A wraith (D:10)
  2 wyverns
  A human (D:8)
  Eustachio (D:6)
  13 yaks
  A hippogriff (D:9)
  A hungry ghost (D:8)
  A water moccasin (D:6)
  A slave (D:7)
  6 orc warriors
  Duvessa (D:6)
  10 ice beasts
  6 ogres
  A phantom (D:4)
  3 sky beasts
  3 necrophages
  6 centaurs
  A crocodile (D:5)
  A big kobold (D:9)
  5 giant frogs
  Dowan (D:6)
  5 scorpions
  5 killer bees (D:10)
  3 howler monkeys
  A vampire bat (D:3)
  8 crimson imps
  3 quasits
  8 orc priests
  2 jellies
  6 hounds
  10 orc wizards
  3 centaur skeletons
  Crazy Yiuf (D:3)
  Jessica (D:2)
  6 worker ants
  3 iguanas
  2 hound zombies
  3 hound skeletons
  A worker ant zombie (D:10)
  12 adders
  4 gnolls (D:6)
  2 river rats (D:8)
  2 shadow imps (D:6)
  2 white imps (IceCv)
  7 ufetubi (IceCv)
  An ooze (D:1)
  An adder zombie (D:5)
  6 worms
  A dart slug (D:2)
  3 fire bats (D:3)
  3 giant geckos
  38 orcs
  2 spectral bats (D:3)
  14 bats
  3 bat skeletons (D:3)
  A bat zombie (D:3)
  4 giant cockroaches
  7 goblins
  2 hobgoblins
  10 jackals
  5 quokkas
  A ball python (D:4)
  A bat simulacrum (D:3)
  3 giant newts
  2 hobgoblin zombies (D:6)
  9 kobolds
  2 kobold zombies (D:6)
  2 orc skeletons (D:6)
  A quokka skeleton (D:8)
  9 rats
  A fungus (D:8)
  A plant (D:8)
304 creatures vanquished.

Vanquished Creatures (collateral kills)
  A hound (D:4)
1 creature vanquished.

Vanquished Creatures (others)
  A killer bee (D:10)
  An orc priest (D:7)
  A worker ant zombie (D:7)
  3 ufetubi (IceCv)
  A fungus (D:8)
7 creatures vanquished.

Grand Total: 312 creatures vanquished

Notes
Turn   | Place    | Note
-------+----------+-------------------------------------------
     0 | D:1      | mistymad the Formicid Fighter began the quest for the Orb.
     0 | D:1      | Reached XP level 1. HP: 18/18 MP: 1/1
   149 | D:1      | Reached XP level 2. HP: 22/24 MP: 2/2
   686 | D:2      | Reached XP level 3. HP: 29/29 MP: 3/3
   731 | D:2      | Reached skill level 4 in Shields
   963 | D:2      | Noticed Jessica
   969 | D:2      | Killed Jessica
   969 | D:2      | Reached skill level 1 in Dodging
   969 | D:2      | Reached XP level 4. HP: 19/37 MP: 4/4
  1345 | D:2      | Reached XP level 5. HP: 35/42 MP: 5/5
  1566 | D:2      | Found a deep blue altar of Sif Muna.
  1681 | D:3      | Found a shadowy altar of Dithmenos.
  1731 | D:3      | Noticed a giant frog
  1741 | D:3      | Killed a giant frog
  1909 | D:3      | Reached XP level 6. HP: 43/48 MP: 6/6
  2002 | D:3      | Reached skill level 5 in Shields
  2395 | D:3      | Found a runed door.
  2441 | D:3      | Found a sacrificial altar of Ru.
  2448 | D:3      | Found a stormy altar of Qazlal.
  2500 | D:3      | Became a worshipper of Ru the Awakened
  2551 | D:3      | Noticed Crazy Yiuf
  2561 | D:3      | Killed Crazy Yiuf
  2727 | D:4      | Reached XP level 7. HP: 54/55 MP: 7/7
  2904 | D:4      | Noticed braks's ghost (amateur DsFi)
  2940 | D:4      | Killed braks's ghost
  2940 | D:4      | Reached skill level 5 in Fighting
  2940 | D:4      | Reached skill level 5 in Armour
  3291 | D:4      | Reached XP level 8. HP: 62/62 MP: 8/8
  3412 | D:4      | Reached skill level 6 in Shields
  3736 | D:5      | Entered Level 5 of the Dungeon
  3980 | D:5      | Reached skill level 5 in Staves
  4207 | D:5      | Reached XP level 9. HP: 64/69 MP: 9/9
  4208 | D:5      | Found a hide-covered altar of Uskayaw.
  4254 | D:5      | Found a sparkling altar of Nemelex Xobeh.
  4671 | D:6      | Noticed Dowan
  4680 | D:6      | Noticed Duvessa
  4714 | D:6      | Killed Duvessa
  4714 | D:6      | Reached skill level 7 in Shields
  4727 | D:6      | Killed Dowan
  5370 | D:6      | Noticed Eustachio
  5504 | D:6      | Found a glowing golden altar of the Shining One.
  5531 | D:6      | Killed Eustachio
  5531 | D:6      | Reached skill level 5 in Dodging
  5697 | D:6      | Found an opulent altar of Gozag.
  5715 | D:6      | Reached XP level 10. HP: 66/79 MP: 10/10
  5761 | D:6      | Reached skill level 8 in Shields
  5980 | D:7      | Found a staircase to the Ecumenical Temple.
  6046 | Temple   | Entered the Ecumenical Temple
  6302 | D:7      | Noticed Pikel
  6331 | D:7      | Killed Pikel
  6380 | D:7      | Found a blossoming altar of Fedhas.
  6849 | D:8      | Found a hazy altar of Hepliaklqana.
  6851 | D:8      | Found a glowing silver altar of Zin.
  6851 | D:8      | Found a bloodstained altar of Trog.
  6852 | D:8      | Found a glowing golden altar of the Shining One.
  7033 | D:8      | Found an oddly glowing altar of Pakellas.
  7033 | D:8      | Found Pakellas's Prime Provisions.
  7105 | D:8      | Found a staircase to the Lair.
  7191 | D:8      | Got an amber-studded scale mail
  7225 | D:8      | Identified the +1 scale mail "Xarheyb" {rElec rPois Dex-3 Slay-3} (You found it on level 8 of the Dungeon)
  7705 | D:9      | Reached skill level 9 in Shields
  7716 | D:9      | Got a distressingly furry ring mail
  7727 | D:9      | Identified the cursed +0 ring mail of Ashenzari's Hope {MR+} (You found it on level 9 of the Dungeon)
  7898 | D:9      | Reached XP level 11. HP: 87/87 MP: 11/11
  7952 | D:9      | Noticed a hill giant
  7966 | D:9      | Killed a hill giant
  8473 | D:10     | Entered Level 10 of the Dungeon
  8540 | D:10     | Gained mutation: You cannot be stealthy. [Ru sacrifice]
  8905 | D:10     | Noticed a hill giant
  8933 | D:10     | Killed a hill giant
  9105 | D:10     | Found a runed door.
  9327 | D:10     | Reached skill level 10 in Shields
  9722 | D:10     | Found a roughly hewn altar of Beogh.
  9946 | D:11     | Found Dunul's Antique Armour Boutique.
  9951 | D:11     | Bought a diamond-encrusted ring mail for 207 gold pieces
  9964 | D:11     | Identified the +5 ring mail of the Ten Realms {rPois rF+ Str-3 Dex+2} (You bought it in a shop on level 11 of the Dungeon)
  9981 | D:11     | Found a frozen archway.
 10086 | IceCv    | Entered an ice cave
 10404 | Lair:1   | Entered Level 1 of the Lair of Beasts
 10430 | Lair:1   | Reached XP level 12. HP: 78/96 MP: 8/12
 10487 | Lair:1   | Noticed an eight-headed hydra
 10507 | Lair:1   | Slain by an eight-headed hydra

Vault maps used:
D:1:      zelgadis_glass_arrival_small, roderic_roman_lattice,
          hangedman_decor_push
D:2:      led_sif_pool, uniq_jessica
D:3:      grunt_dithmenos_smoke, minitemple, goddamned_bats,
          uniq_crazy_yiuf_cottage
D:4:      first_bread
D:5:      nicolae_overflow_hidden_temple, nemelex_xobeh_ov_fountains_minmay
D:6:      nicolae_gozag_cash_rules_everything_around_me,
          nicolae_tso_besieged_by_evil, uniq_eustachio, uniq_duvessa
D:7:      kennysheep_little_box, uniq_pikel
D:8:      johnstein_pakellas_shop, grunt_temple_overflow_open,
          due_lair_maze_entry_diamond, grunt_pizzeria
D:10:     lightli_church_of_beogh
D:11:     portal_ice_cave_entry_ice_beasts, serial_shops, shop
Temple:   compressed_dpeg_triangle_lava_temple
IceCv:    ice_cave_small_demon

Skill      XL: |  1  2  3  4  5  6  7  8  9 10 11 |
---------------+----------------------------------+-----
Shields        | 4 5 6 7 9 10 | 10.3
Dodging        | 1 2 3 5 6 7 |  7.4
Staves         | 3 4 5 6 7 8 |  8.7
Fighting       | 4 5 6 7 8 9 |  9.5
Armour         | 4 5 7 8 9 |  9.6

Action                   |  1- 3 |  4- 6 |  7- 9 | 10-12 || total
-------------------------+-------+-------+-------+-------++-------
Melee: Quarterstaff      |    69 |   197 |   320 |   636 ||  1222
Invok: Reject Sacrifices |       |       |     1 |       ||     1
       Sacrifice Stealth |       |       |       |     1 ||     1
 Abil: Dig               |     1 |       |     9 |    11 ||    21
  Use: Scroll            |       |       |     9 |     2 ||    11
       Potion            |       |       |       |     2 ||     2
 Stab: Confused          |       |       |     2 |     2 ||     4
       Paralysed         |       |       |       |     4 ||     4
       Petrifying        |       |       |       |     2 ||     2
  Eat: Chunk             |       |     6 |    11 |    19 ||    36
Armor: Ring mail         |    24 |    95 |    61 |   106 ||   286
       Plate armour      |       |       |    34 |    75 ||   109
Dodge: Dodged            |    21 |   103 |   103 |   231 ||   458
Block: Shield            |    30 |   154 |   155 |   291 ||   630
